Map: Orbital Shipyard

Players

Wellmet - Winner!

  • Race: Terran Terran
  • League: Diamond

Qiin

  • Race: Zerg Zerg
  • League: Diamond

VOD

Have the link to the VOD?

Description

Time

  • Played on: Nov. 14, 2015, 12:53 a.m.
  • Length: 8:13
Show
View Real Time Build Order
Export as new Build Order

Wellmet Terran - Winner!

Build Orders: Reaper Expand, MMM Bio 

Get SALT Encoding   

  12  0:00  SCV  
  13  0:13  SCV  
  14  0:18  Supply Depot  
  14  0:25  SCV  
  15  0:40  SCV  
  15  0:41  Barracks  
  16  0:45  Refinery  
  16  0:52  SCV  
  17  1:04  SCV  
  18  1:17  SCV  
  19  1:30  Reaper  
  19  1:32  Orbital Command  
  20  1:41  Command Center  
  20  1:53  Supply Depot  
  20  1:59  SCV  
  21  2:02  Barracks Reactor  
  21  2:11  SCV  
  22  2:23  SCV  
  22  2:26  Factory  
  23  2:36  Command Center  
  23  2:37  SCV  
  23  2:42  Marine  
  23  2:43  Marine  
  26  2:50  SCV  
  27  2:55  Orbital Command  
  27  3:06  SCV  
  27  3:10  Refinery  
  28  3:17  Starport  
  28  3:18  SCV  
  29  3:23  SCV  
  29  3:24  Hellion x2  
  34  3:31  SCV  
  34  3:32  Barracks Tech Lab  
  35  3:35  SCV  
  36  3:43  SCV  
  36  3:46  Hellion x2  
  36  3:47  SCV  
  42  3:53  Orbital Command  
  42  3:54  Marine  
  42  3:55  SCV  
  44  4:01  Viking  
  46  4:04  Stimpack  
  46  4:05  SCV  
  47  4:12  SCV  
  47  4:16  Hellion x2, Marine  
  53  4:22  SCV  
  53  4:24  SCV  
  53  4:28  SCV  
  51  4:34  SCV  
  51  4:35  Starport Reactor  
  51  4:36  Marauder  
  51  4:37  SCV  
  55  4:40  SCV  
  56  4:47  Barracks, Orbital Command  
  56  4:48  SCV  
  56  4:49  SCV, Barracks  
  56  4:51  Factory Reactor  
  58  4:54  Barracks  
  58  4:58  Marauder  
  60  5:00  SCV  
  61  5:07  Refinery  
  61  5:09  Refinery  
  61  5:10  Supply Depot, Engineering Bay  
  61  5:11  Engineering Bay  
  61  5:14  SCV x3  
  64  5:22  Marauder  
  64  5:26  SCV x2  
  68  5:28  Starport Reactor  
  68  5:29  SCV  
  69  5:38  SCV  
  70  5:43  SCV x2  
  70  5:45  Bunker, Marine x2  
  70  5:46  Factory Tech Lab, Missile Turret, Marauder  
  70  5:48  Terran Infantry Weapons Level 1, Missile Turret  
  70  5:49  Terran Infantry Armor Level 1, Marine  
  77  5:56  Supply Depot  
  77  6:01  Supply Depot  
  77  6:07  SCV x2  
  77  6:08  Combat Shields, Marine x2  
  77  6:09  Marine x2  
  77  6:10  Marine  
  76  6:12  Supply Depot  
  76  6:17  Supply Depot  
  76  6:18  Marauder, Siege Tank, Medivac x2  
  85  6:24  Supply Depot  
  85  6:28  SCV x2  
  85  6:30  Refinery, Marine x6  
  93  6:39  Marine  
  94  6:41  Bunker  
  94  6:47  Marine  
  94  6:48  Marine x2  
  94  6:49  Armory  
  94  6:51  Medivac x2  
  97  6:57  Marine x2  
  96  7:01  Siege Tank  
  96  7:03  Command Center  
  96  7:05  Supply Depot, Marine x2  
  96  7:06  Liberator x2  
  101  7:14  Marine x2  
  103  7:17  SCV  
  103  7:20  Marine x2  
  106  7:27  Barracks  
  106  7:28  Barracks  
  106  7:29  Refinery  
  112  7:30  Marine x2  
  114  7:37  Marine x2  
  114  7:40  Marine  
  117  7:45  Marine x2  
  120  7:53  Marine x2  
  117  7:58  Command Center  
Show
View Real Time Build Order
Export as new Build Order

Qiin Zerg 

Build Orders: Hatch First 

Get SALT Encoding   

  12  0:00  Drone  
  13  0:08  Drone  
  14  0:14  Extractor  
  14  0:15  Drone  
  15  0:38  Hatchery  
  14  0:44  Overlord  
  14  1:00  Spawning Pool  
  13  1:04  Drone  
  13  1:08  Drone  
  15  1:11  Drone  
  15  1:16  Drone  
  17  1:26  Drone  
  18  1:37  Drone  
  19  1:47  Overlord, Queen  
  19  1:50  Queen  
  19  1:53  Zergling x2  
  24  1:58  Drone  
  25  2:02  Drone  
  26  2:08  Drone  
  26  2:13  Drone  
  28  2:23  Queen  
  28  2:24  Drone x2  
  32  2:33  Queen  
  32  2:35  Drone x2  
  36  2:39  Extractor  
  36  2:40  Extractor  
  36  2:43  Overlord  
  33  2:59  Drone x3  
  33  3:00  Roach Warren  
  35  3:10  Drone  
  35  3:11  Drone x4  
  40  3:35  Lair  
  40  3:45  Hatchery  
  39  3:51  Drone x5  
  39  3:52  Overlord  
  44  3:59  Evolution Chamber  
  44  4:01  Drone  
  44  4:02  Evolution Chamber  
  42  4:20  Roach x5  
  48  4:30  Drone x2  
  48  4:31  Drone x4  
  51  4:49  Hydralisk Den  
  51  4:51  Overlord x2  
  51  4:52  Overlord  
  50  4:57  Overlord  
  50  5:09  Overlord  
  50  5:11  Drone  
  50  5:12  Drone x3  
  54  5:19  Ravager x4  
  60  5:21  Roach  
  60  5:22  Roach x2  
  64  5:35  Extractor  
  63  5:36  Extractor  
  62  5:45  Drone  
  62  5:46  Drone x4  
  66  6:07  Drone x4  
  68  6:14  Drone  
  68  6:15  Drone x12  
  81  6:23  Drone  
  81  6:25  Overlord x2  
  82  6:43  Overlord x2  
  78  7:01  Hydralisk x10  
  82  7:30  Roach  
  82  7:31  Roach x11  
  106  7:38  Zergling x2  
  106  7:39  Zergling x4  
  106  7:40  Overlord x2  
  106  7:41  Overlord  
Tags
 
Add a new tag
Caveats
  • Supply blocks, unpowered buildings, or Contaminate may cause inaccurate times.
  • Supply counts are checked every 10 seconds.